Map: Eternal Empire LE

Players

Thor - Winner!

  • Race: Protoss Protoss
  • League: Master
  • Spawn Location: 1:00

llllllllllll

  • Race: Terran Terran
  • League: Master
  • Spawn Location: 7:00

VOD

Have the link to the VOD?

Description

Time

  • Played on: June 25, 2020, 6:09 p.m.
  • Length: 15:08
Show
View Real Time Build Order
Export as new Build Order

Thor Protoss - Winner!

Build Orders: 1 Gate Expand, Blink Stalkers 

Get SALT Encoding   

  12  0:00  Probe  
  13  0:12  Probe  
  14  0:17  Pylon  
  14  0:24  Probe  
  15  0:32  Probe  
  15  0:39  Gateway  
  15  0:40  Probe  
  16  0:46  Assimilator  
  17  0:51  Probe  
  18  0:59  Probe  
  19  1:07  Probe  
  20  1:21  Probe  
  21  1:27  Nexus  
  21  1:36  Cybernetics Core  
  21  1:43  Pylon  
  22  1:47  Probe  
  22  1:53  Assimilator  
  22  1:59  Probe  
  23  2:06  Adept  
  23  2:11  Probe  
  26  2:22  Warp Gate  
  26  2:32  Probe  
  26  2:33  Stalker  
  29  2:39  Probe  
  30  2:45  Probe  
  30  2:47  Probe  
  31  2:55  Probe  
  31  2:57  Probe  
  32  3:04  Probe, Sentry  
  35  3:06  Twilight Council  
  35  3:09  Probe  
  37  3:13  Probe  
  37  3:19  Pylon  
  38  3:21  Probe x2  
  40  3:31  Probe  
  40  3:34  Probe  
  42  3:39  Probe  
  42  3:40  Robotics Facility, Blink  
  42  3:44  Pylon  
  42  3:46  Stalker  
  42  3:47  Probe  
  45  3:49  Probe  
  47  3:59  Probe  
  47  4:00  Gateway  
  47  4:01  Probe  
  47  4:02  Gateway  
  49  4:07  Shield Battery  
  49  4:09  Assimilator  
  49  4:10  Assimilator  
  49  4:11  Probe  
  49  4:13  Probe  
  51  4:23  Probe  
  52  4:25  Probe  
  52  4:26  Stalker  
  52  4:27  Immortal  
  59  4:35  Probe  
  59  4:36  Pylon  
  59  4:37  Probe  
  61  4:42  Pylon  
  61  4:48  Probe  
  61  4:49  Forge  
  62  4:54  Probe  
  62  4:57  Stalker x2  
  62  4:59  Pylon, Observer  
  67  5:00  Probe  
  67  5:06  Probe  
  70  5:12  Probe  
  71  5:15  Protoss Ground Armor Level 1  
  71  5:24  Pylon  
  71  5:25  Observer  
  72  5:33  Probe  
  73  5:37  Nexus, Stalker x2  
  73  5:41  Charge  
  67  5:53  Stalker  
  67  5:56  Probe x2  
  56  6:12  Probe  
  56  6:15  Probe  
  58  6:19  Nexus  
  58  6:24  Probe x2  
  59  6:27  Templar Archives  
  60  6:33  Probe  
  60  6:34  Observer  
  60  6:35  Gateway  
  60  6:36  Stalker, Probe  
  60  6:37  Stalker x2  
  69  6:41  Probe  
  70  6:48  Probe  
  70  6:50  Pylon  
  70  6:53  Probe  
  72  7:00  Probe  
  73  7:05  Probe, Psionic Storm  
  73  7:06  High Templar  
  73  7:07  High Templar x2  
  80  7:10  Observer  
  80  7:12  Probe  
  81  7:17  Probe  
  81  7:18  Robotics Bay  
  82  7:24  Protoss Ground Armor Level 2, Probe  
  82  7:27  Pylon  
  82  7:28  Probe  
  84  7:31  Gateway, Probe  
  84  7:34  Gateway  
  84  7:36  Probe x2  
  86  7:38  Shield Battery  
  86  7:39  Probe  
  86  7:41  Zealot x4  
  96  7:49  Probe  
  97  7:52  Assimilator  
  97  7:54  Forge  
  97  7:55  Pylon  
  97  7:57  Probe  
  97  7:58  Assimilator  
  98  8:07  High Templar x2  
  98  8:11  Archon  
  102  8:17  Zealot  
  102  8:18  Zealot  
  106  8:25  Colossus  
  104  8:27  Gateway  
  104  8:28  Protoss Ground Weapons Level 1  
  104  8:31  Zealot x2  
  108  8:36  Extended Thermal Lance  
  114  8:43  Zealot  
  114  8:44  Zealot x3  
  122  8:54  Gateway  
  122  8:55  Pylon, Gateway  
  122  8:58  Zealot x2  
  126  9:07  Zealot x2  
  126  9:08  Zealot  
  132  9:16  Colossus  
  130  9:18  Zealot x3  
  130  9:22  Pylon  
  136  9:27  Robotics Facility  
  130  9:49  Probe  
  130  9:50  Probe  
  130  9:51  Observer  
  130  9:52  Nexus  
  132  9:53  Pylon  
  132  9:55  Probe  
  132  9:56  Pylon  
  131  10:02  Probe  
  126  10:07  Protoss Ground Armor Level 3  
  126  10:09  Colossus  
  126  10:10  Warp Prism  
  132  10:16  Zealot, Protoss Ground Weapons Level 2  
  132  10:17  Zealot x8  
  152  10:26  Probe  
  153  10:29  Shield Battery  
  153  10:39  Observer  
  153  10:42  Pylon  
  153  10:43  High Templar x3  
  153  10:44  High Templar x3  
  153  10:47  Archon x3  
  153  10:49  Pylon  
  163  10:58  Disruptor, Observer  
  162  11:07  Probe  
  164  11:15  Observer  
  163  11:19  Probe  
  163  11:23  Unknown  
  165  11:27  Zealot x5  
  165  11:32  Nexus  
  175  11:35  Pylon x2  
  175  11:37  Disruptor  
  175  11:39  Observer  
  179  11:43  Photon Cannon  
  179  11:44  Dark Shrine  
  179  11:46  Photon Cannon  
  179  11:52  Gateway  
  179  11:53  Gateway  
  179  11:57  Gateway  
  177  12:08  Archon  
  166  12:11  Zealot x7  
  166  12:12  Zealot  
  166  12:13  Zealot  
  169  12:16  Observer  
  169  12:20  Colossus, Immortal  
  173  12:31  Probe x2  
  173  12:35  Probe  
  174  12:41  High Templar x6  
  174  12:42  Assimilator, High Templar  
  174  12:43  Zealot x2  
  192  12:44  Shield Battery  
  192  12:45  Protoss Shields Level 1  
  192  12:49  Archon x2  
  192  12:52  Shadow Stride  
  192  12:55  Assimilator  
  186  13:09  Immortal x2  
  190  13:39  Zealot x6  
  200  14:02  High Templar x5  
  197  14:03  Zealot x2  
  197  14:08  Stalker x3  
  195  14:20  Stalker x2  
  193  14:29  Probe  
  200  14:42  Nexus  
  200  14:43  Archon  
  200  14:44  Archon x2  
  198  14:50  Zealot  
Show
View Real Time Build Order
Export as new Build Order

llllllllllll Terran 

Build Orders: Reaper Expand 

Get SALT Encoding   

  12  0:02  SCV  
  13  0:14  SCV  
  13  0:18  Supply Depot  
  14  0:26  SCV  
  15  0:40  Barracks, SCV  
  16  0:48  Refinery  
  16  0:52  SCV  
  17  1:04  SCV  
  18  1:16  SCV  
  19  1:28  Orbital Command  
  19  1:39  Reaper  
  20  1:50  Command Center  
  20  2:04  Bunker  
  20  2:05  Supply Depot  
  20  2:10  SCV  
  22  2:28  SCV  
  22  2:31  Barracks  
  22  2:34  Barracks  
  22  2:37  Barracks Tech Lab  
  22  2:40  SCV  
  21  2:52  Refinery  
  21  2:53  SCV  
  21  2:58  Marauder, Concussive Shells  
  24  3:04  Orbital Command  
  24  3:05  SCV  
  25  3:18  Barracks Tech Lab  
  25  3:19  Marauder  
  27  3:21  Barracks Reactor  
  27  3:23  SCV  
  29  3:34  SCV  
  29  3:35  SCV  
  29  3:40  Marauder  
  32  3:42  Supply Depot  
  32  3:45  Marine  
  32  3:47  Stimpack  
  33  3:49  SCV  
  33  3:51  SCV  
  33  3:53  Supply Depot  
  33  3:55  Refinery  
  35  4:01  SCV  
  35  4:02  Marauder  
  38  4:03  Marine, SCV  
  38  4:05  Marine  
  38  4:09  Marine  
  42  4:13  SCV  
  42  4:16  SCV  
  44  4:19  Combat Shield  
  44  4:23  Marine  
  48  4:26  SCV  
  48  4:31  Marauder x2, Marine  
  50  4:32  SCV  
  50  4:37  Supply Depot  
  52  4:41  Marine  
  53  4:49  Marine, Factory  
  53  4:52  Marauder x2, SCV  
  59  4:53  SCV  
  60  5:03  Supply Depot  
  60  5:05  SCV x2  
  62  5:13  Marauder, Marine x2  
  68  5:14  Marauder  
  68  5:21  SCV  
  69  5:23  Supply Depot  
  69  5:31  Marine x2  
  69  5:32  Supply Depot  
  69  5:35  Marauder x2  
  73  5:53  Marine x2  
  73  5:56  Marauder  
  71  6:03  Marauder  
  70  6:10  Factory Reactor  
  70  6:11  Marine  
  62  6:13  Starport  
  62  6:16  Command Center  
  58  6:19  SCV  
  58  6:22  Marauder, Marine, Refinery  
  58  6:25  Marauder  
  64  6:27  Barracks x2  
  64  6:28  Engineering Bay  
  64  6:31  SCV x2  
  66  6:43  Marine  
  66  6:44  Marauder  
  69  6:48  Engineering Bay  
  69  6:49  SCV  
  69  6:51  Supply Depot  
  71  6:54  SCV  
  71  6:55  Terran Infantry Weapons Level 1  
  71  6:56  Missile Turret  
  71  6:59  Medivac x2  
  75  7:04  Missile Turret  
  75  7:05  SCV  
  75  7:06  Marine  
  75  7:07  Marauder  
  79  7:16  Barracks Tech Lab  
  79  7:17  Barracks Tech Lab, Marine  
  79  7:18  Marauder  
  82  7:25  Missile Turret  
  82  7:29  Medivac x2  
  86  7:35  Marine x3  
  86  7:36  Marauder  
  91  7:39  Marauder  
  91  7:40  Terran Infantry Armor Level 1  
  91  7:44  SCV  
  94  7:45  Orbital Command  
  94  7:47  SCV  
  95  7:53  Marauder, Missile Turret  
  95  7:54  Marauder  
  95  7:55  Marine  
  95  7:56  SCV  
  95  7:57  Marauder  
  103  7:59  SCV, Medivac  
  103  8:01  Marauder, Factory Reactor  
  108  8:09  SCV  
  108  8:11  Supply Depot  
  109  8:15  Marauder x2, Supply Depot  
  109  8:18  Supply Depot  
  113  8:22  Marauder x2  
  117  8:32  Marine  
  117  8:33  Supply Depot  
  118  8:34  Supply Depot  
  117  9:05  Marine  
  117  9:06  Marauder x2, Marine x2  
  124  9:11  Armory, Command Center, Widow Mine  
  124  9:12  Ghost Academy, Widow Mine  
  124  9:15  Barracks  
  124  9:16  Barracks  
  88  9:40  Marauder, Marine x2  
  88  9:42  Widow Mine x2  
  88  9:45  Enhanced Shockwaves  
  94  9:48  Ghost x2  
  94  9:49  SCV  
  94  9:50  SCV  
  94  9:52  Refinery  
  100  9:53  Refinery  
  100  9:54  Medivac x2  
  100  9:56  SCV  
  105  10:03  Widow Mine  
  98  10:10  Widow Mine  
  100  10:20  SCV x2  
  102  10:24  Viking x2, Widow Mine  
  108  10:31  Barracks Reactor  
  108  10:32  Widow Mine  
  110  10:38  Barracks Tech Lab  
  110  10:41  Marine  
  110  10:42  Marauder x2, Terran Infantry Weapons Level 2  
  115  10:51  Marine x2, Missile Turret  
  115  10:52  Marauder  
  115  10:54  Viking  
  121  10:57  Marauder  
  121  10:59  Marine  
  121  11:02  Marine  
  121  11:03  Marine  
  121  11:04  Personal Cloaking  
  126  11:05  Terran Infantry Armor Level 2  
  126  11:08  Refinery  
  126  11:10  Marauder  
  128  11:13  Marauder, Refinery  
  126  11:22  Marauder  
  126  11:23  Marauder x2, Marine  
  133  11:26  Planetary Fortress  
  133  11:28  SCV x2  
  133  11:31  Marauder  
  133  11:32  SCV  
  138  11:34  Marine x2  
  138  11:35  Marauder  
  142  11:40  SCV x2  
  142  11:44  Marauder, SCV  
  142  11:46  Medivac  
  142  11:47  Medivac  
  122  12:14  Marauder, Marine x2  
  103  12:16  Medivac  
  103  12:21  Marine  
  103  12:22  Marauder, Marine  
  82  12:24  Marine x2  
  82  12:25  Marauder  
  82  12:29  Command Center  
  85  12:32  Marine x2  
  85  12:35  Marine  
  90  12:37  Widow Mine x2  
  90  12:39  Marine x2  
  90  12:41  Factory  
  90  12:42  Marine  
  90  12:43  Marauder x2, Barracks x2  
  99  12:46  Marine  
  99  12:49  Marine, Medivac x2  
  99  12:50  Marine  
  106  12:53  Marauder  
  106  12:57  Marine x2  
  110  12:58  Widow Mine  
  110  12:59  Widow Mine  
  110  13:01  Marauder  
  110  13:04  Marauder, Marine x2  
  110  13:05  Missile Turret  
  118  13:06  Missile Turret  
  118  13:07  Marine  
  118  13:08  SCV  
  118  13:09  SCV x2  
  122  13:15  Marauder  
  126  13:20  Widow Mine x2  
  126  13:21  Ghost x2  
  123  13:39  Marine  
  123  13:40  Marauder, Marine x4  
  123  13:41  Marauder, Marine x2, Widow Mine  
  134  14:02  Marine x2  
  125  14:03  Marauder, Marine  
  125  14:04  Marauder  
  91  14:29  Marine x4  
  91  14:30  Marauder, Marine x3  
Tags
 
Add a new tag
Caveats
  • Supply blocks, unpowered buildings, or Contaminate may cause inaccurate times.
  • Supply counts are checked every 10 seconds.